Blackhawks vs Senateurs
Created - 8 décembre 2016 at 00:03
Goals
|
| Blackhawks |
1 |
1 |
3 |
5 |
| Senateurs |
0 |
2 |
2 |
4 |
|
Shots
|
| Blackhawks |
10 |
10 |
13 |
33 |
| Senateurs |
7 |
9 |
11 |
27 |
|
1st period
1. Blackhawks , Denis Grebeshkov 3 (Jonathan Toews) at 11:03
Penalties :
Denis Grebeshkov (Chi) for Holding (Minor) at 6:05, Brad Richards (Ott) for Hooking (Minor) at 18:27
2nd period
2. Blackhawks , Carson Mcmillan 2 (Denis Grebeshkov, Oleg Saprykin) at 5:44
3. Senateurs , Darcy Hordichuk 6 (Brandon Dubinsky) at 12:36
4. Senateurs , Vitaly Vishnevsky 1 (Unassisted) at 14:26
Penalties :
Dave Tanabe (Chi) for Holding (Minor) at 0:37, Gilbert Brule (Ott) for Hooking (Minor) at 7:08, Thomas Vanek (Ott) for Hooking (Minor) at 10:07, Thomas Vanek (Ott) for Holding (Minor) at 14:31, Al Montoya (Chi) for Slashing (Minor) at 19:03 - Kyle Brodziak served the penalty
3rd period
5. Blackhawks , Ryan Hollweg 3 (Niclas Bergfors, Jonathan Toews) at 3:26 (PP)
6. Senateurs , Brandon Dubinsky 5 (Darcy Hordichuk, Kurtis Foster) at 4:23
7. Blackhawks , Ryan Hollweg 4 (Jonathan Toews, Niclas Bergfors) at 12:03
8. Blackhawks , Patrick Kane 14 (Antoine Roussel, Derick Brassard) at 12:41
9. Senateurs , B.J. Crombeen 4 (Vitaly Vishnevsky, Kurtis Foster) at 14:15 (PP)
Penalties :
Vitaly Vishnevsky (Ott) for Goalie Interference (Minor) at 2:47, Denis Grebeshkov (Chi) for Hooking (Minor) at 13:40
Goalie Stats
Al Montoya (Chi), 23 saves from 27 shots - (0,852), W, 1-2-0, 60:00 minutes
Ondrej Pavelec (Ott), 28 saves from 33 shots - (0,848), L, 7-6-2, 58:57 minutes
Players Stats for Blackhawks
Player Name G A P +/- PIM S H SB GA TA FO MP PP MP PK MP
------------------------------------------------------------------------------------
Antoine Roussel 0 1 1 0 0 0 2 1 1 0 0/0 22:11 4:47 1:44
Brendan Bell 0 0 0 2 0 1 1 0 0 0 0/0 13:56 0:00 1:24
Carson Mcmillan 1 0 1 0 0 3 1 0 0 0 0/0 7:09 0:00 0:00
Dave Tanabe 0 0 0 2 2 1 0 1 1 0 0/0 13:05 0:00 0:08
Denis Grebeshkov 1 1 2 -2 4 2 2 3 0 0 0/0 17:49 3:21 1:49
Derick Brassard 0 1 1 0 0 7 2 0 0 0 21/36 20:26 4:47 0:00
Ian White 0 0 0 1 0 0 1 2 0 1 0/0 27:48 5:14 3:11
Jonathan Toews 0 3 3 2 0 2 4 0 1 0 3/3 17:06 3:45 2:03
Joni Pitkanen 0 0 0 1 0 3 1 0 2 2 0/0 27:48 5:14 3:11
Kurt Sauer 0 0 0 -2 0 2 0 0 0 1 0/0 19:45 3:21 3:13
Kyle Brodziak 0 0 0 0 0 1 0 0 0 0 3/7 7:10 0:00 0:00
Niclas Bergfors 0 2 2 2 0 0 1 0 0 0 0/0 15:02 3:45 0:00
Oleg Saprykin 0 1 1 0 0 3 0 0 0 0 0/0 11:01 0:00 3:52
Patrick Kaleta 0 0 0 -1 0 0 0 1 0 0 0/0 11:48 0:03 0:58
Patrick Kane 1 0 1 0 0 4 2 0 1 0 2/2 20:34 4:47 0:08
Peter Regin 0 0 0 -1 0 1 0 0 0 0 4/7 14:17 0:03 3:49
Ryan Hollweg 2 0 2 2 0 2 3 1 0 0 0/0 16:02 3:45 0:38
Tomas Fleischmann 0 0 0 -1 0 1 0 1 1 0 0/0 10:28 0:03 0:00
Players Stats for Senateurs
Player Name G A P +/- PIM S H SB GA TA FO MP PP MP PK MP
------------------------------------------------------------------------------------
Andrew Ebbett 0 0 0 -1 0 0 0 0 0 0 4/8 12:06 0:00 3:47
Andy McDonald 0 0 0 -1 0 2 0 0 0 0 1/1 11:13 0:01 2:42
B.J. Crombeen 1 0 1 -1 0 2 0 0 0 1 0/0 14:29 3:07 0:00
Brad Richards 0 0 0 -1 2 2 1 0 0 0 1/5 16:29 3:07 1:50
Brandon Dubinsky 1 1 2 1 0 1 0 1 0 0 1/1 9:38 0:00 0:00
Brenden Morrow 0 0 0 -1 0 0 2 0 1 1 0/0 16:35 3:07 1:46
Carlo Colaiacovo 0 0 0 -1 0 1 1 1 0 0 0/0 21:27 2:24 4:11
Dan Girardi 0 0 0 0 0 0 0 0 0 0 0/0 10:51 0:00 0:00
Dan Hamhuis 0 0 0 0 0 2 1 2 1 0 0/0 27:42 4:08 4:24
Darcy Hordichuk 1 1 2 1 0 1 0 0 0 0 1/1 9:58 0:13 0:00
George Parros 0 0 0 -1 0 2 0 1 0 0 0/0 8:18 0:00 0:00
Gilbert Brule 0 0 0 -1 2 4 2 1 2 0 13/36 22:46 3:24 3:56
Johan Franzen 0 0 0 0 0 1 1 2 0 2 0/1 18:22 3:24 0:00
Kurtis Foster 0 2 2 0 0 1 0 1 0 2 0/0 27:42 4:08 4:24
Milan Hejduk 0 0 0 1 0 3 2 0 0 0 0/0 9:38 0:00 0:00
Thomas Vanek 0 0 0 0 4 3 2 2 0 0 1/2 21:48 3:13 3:09
Vitaly Vishnevsky 1 1 2 -1 2 2 0 2 0 1 0/0 21:26 2:24 4:11
Vladimir Mihalik 0 0 0 0 0 0 0 0 0 0 0/0 10:51 0:00 0:00
3 Stars
1 - Ryan Hollweg (Chi)
2 - Jonathan Toews (Chi)
3 - Brandon Dubinsky (Ott)
Power Play
Blackhawks - 1 on 6 Attempt(s) - 16,67%
Senateurs - 1 on 4 Attempt(s) - 25,00%
Penalty Kill
Blackhawks - 3 on 4 Attempt(s) - 75,00%
- Score 0 goal in Penalty Kill
Senateurs - 5 on 6 Attempt(s) - 83,33%
- Score 0 goal in Penalty Kill
Team Stat
Blackhawks - Hits : 20 - Faceoff Wins : 33 - Blocked Shots : 10 - Penalty Minutes : 6
Senateurs - Hits : 12 - Faceoff Wins : 22 - Blocked Shots : 13 - Penalty Minutes : 10
Official
Referees : LaRue Dennis and Hebert Ghislain
Linesman : Pierre Champoux and Jonny Murray
Game Notes
14:26 of 2nd period - Penalty Shot by Vitaly Vishnevsky for Senateurs - Goal!
Finance
Level 1 -- Attendance: 5979 (99,65%) -- Ticket Income 478 320 $
Level 2 -- Attendance: 4977 (99,54%) -- Ticket Income 248 850 $
Level 3 -- Attendance: 1977 (98,85%) -- Ticket Income 59 310 $
Level 4 -- Attendance: 2943 (73,58%) -- Ticket Income 67 689 $
Luxury Box -- Attendance: 986 (98,60%) -- Ticket Income 152 830 $
Game was played at the Place Banque Scotia.
Total Attendance: 16862 (93,68%)
Total Ticket Income: 1 006 999 $
Other Income: 151 050 $
Total Income: 1 158 049 $
Blackhawks
5 vs 5 Forward
Center Left Wing Right Wing Time % Phy DF OF
1 Derick Brassard Antoine Roussel Patrick Kane 40 1 2 2
2 Jonathan Toews Ryan Hollweg Niclas Bergfors 30 1 2 2
3 Peter Regin Tomas Fleischmann Patrick Kaleta 20 1 2 2
4 Kyle Brodziak Oleg Saprykin Carson Mcmillan 10 1 2 2
5 vs 5 Defense
Defense Defense Time % Phy DF OF
1 Ian White Joni Pitkanen 40 1 2 2
2 Kurt Sauer Denis Grebeshkov 30 1 2 2
3 Dave Tanabe Brendan Bell 20 1 2 2
4 Ian White Joni Pitkanen 10 1 2 2
PowerPlay Forward
Center Left Wing Right Wing Time % Phy DF OF
1 Derick Brassard Antoine Roussel Patrick Kane 60 1 2 2
2 Jonathan Toews Ryan Hollweg Niclas Bergfors 40 1 2 2
PowerPlay Defense
Defense Defense Time % Phy DF OF
1 Ian White Joni Pitkanen 60 1 2 2
2 Kurt Sauer Denis Grebeshkov 40 1 2 2
Penalty Kill 4 Players Forward
Center Wing Time % Phy DF OF
1 Peter Regin Oleg Saprykin 60 1 2 2
2 Jonathan Toews Antoine Roussel 40 1 2 2
Penalty Kill 4 Players Defense
Defense Defense Time % Phy DF OF
1 Ian White Joni Pitkanen 60 1 2 2
2 Kurt Sauer Denis Grebeshkov 40 1 2 2
Penalty Kill - 3 Players Forward
Forward Time % Phy DF OF
1 Peter Regin 60 1 2 2
2 Jonathan Toews 40 1 2 2
Penalty Kill - 3 Players Defense
Defense Defense Time % Phy DF OF
1 Ian White Joni Pitkanen 60 1 2 2
2 Kurt Sauer Denis Grebeshkov 40 1 2 2
4 vs 4 Forward
Center Wing Time % Phy DF OF
1 Patrick Kane Derick Brassard 60 1 2 2
2 Jonathan Toews Niclas Bergfors 40 1 2 2
4 vs 4 Defense
Defense Defense Time % Phy DF OF
1 Ian White Joni Pitkanen 60 1 2 2
2 Kurt Sauer Denis Grebeshkov 40 1 2 2
Last Minutes Offensive
Center Left Wing Right Wing Defense Defense
Derick Brassard Antoine Roussel Patrick Kane Ian White Joni Pitkanen
Last Minutes Defensive
Center Left Wing Right Wing Defense Defense
Derick Brassard Antoine Roussel Patrick Kane Ian White Joni Pitkanen
Goaltenders
Starting : Al Montoya
Backup : Jimmy Howard
Extra Forwards
Normal : Tomas Fleischmann, Peter Regin, Patrick Kaleta - PP : Tomas Fleischmann, Peter Regin - PK : Patrick Kaleta
Extra Defensemen
Normal : Dave Tanabe, Joni Pitkanen, Kurt Sauer - PP : Dave Tanabe - PK : Joni Pitkanen, Kurt Sauer
Penalty Shots
Patrick Kane, Derick Brassard, Jonathan Toews, Niclas Bergfors, Antoine Roussel
Senateurs
5 vs 5 Forward
Center Left Wing Right Wing Time % Phy DF OF
1 Gilbert Brule Thomas Vanek Johan Franzen 40 1 2 2
2 Brad Richards Brenden Morrow B.J. Crombeen 30 1 2 2
3 Brandon Dubinsky Darcy Hordichuk Milan Hejduk 20 1 2 2
4 Andrew Ebbett Andy McDonald George Parros 10 1 2 2
5 vs 5 Defense
Defense Defense Time % Phy DF OF
1 Kurtis Foster Dan Hamhuis 40 1 2 2
2 Vitaly Vishnevsky Carlo Colaiacovo 30 1 2 2
3 Dan Girardi Vladimir Mihalik 20 1 2 2
4 Kurtis Foster Dan Hamhuis 10 1 2 2
PowerPlay Forward
Center Left Wing Right Wing Time % Phy DF OF
1 Gilbert Brule Thomas Vanek Johan Franzen 60 1 1 3
2 Brad Richards Brenden Morrow B.J. Crombeen 40 1 1 3
PowerPlay Defense
Defense Defense Time % Phy DF OF
1 Kurtis Foster Dan Hamhuis 60 1 2 2
2 Vitaly Vishnevsky Carlo Colaiacovo 40 1 2 2
Penalty Kill 4 Players Forward
Center Wing Time % Phy DF OF
1 Gilbert Brule Thomas Vanek 60 1 2 2
2 Brad Richards Brenden Morrow 40 1 2 2
Penalty Kill 4 Players Defense
Defense Defense Time % Phy DF OF
1 Kurtis Foster Dan Hamhuis 60 1 2 2
2 Vitaly Vishnevsky Carlo Colaiacovo 40 1 2 2
Penalty Kill - 3 Players Forward
Forward Time % Phy DF OF
1 Gilbert Brule 60 1 2 2
2 Thomas Vanek 40 1 2 2
Penalty Kill - 3 Players Defense
Defense Defense Time % Phy DF OF
1 Kurtis Foster Dan Hamhuis 60 1 2 2
2 Vitaly Vishnevsky Carlo Colaiacovo 40 1 2 2
4 vs 4 Forward
Center Wing Time % Phy DF OF
1 Gilbert Brule Thomas Vanek 60 1 2 2
2 Brad Richards Brenden Morrow 40 1 2 2
4 vs 4 Defense
Defense Defense Time % Phy DF OF
1 Kurtis Foster Dan Hamhuis 60 1 2 2
2 Vitaly Vishnevsky Carlo Colaiacovo 40 1 2 2
Last Minutes Offensive
Center Left Wing Right Wing Defense Defense
Gilbert Brule Thomas Vanek Johan Franzen Kurtis Foster Dan Hamhuis
Last Minutes Defensive
Center Left Wing Right Wing Defense Defense
Gilbert Brule Thomas Vanek Johan Franzen Kurtis Foster Dan Hamhuis
Goaltenders
Starting : Ondrej Pavelec
Backup : Jonas Gustavsson
Extra Forwards
Normal : Darcy Hordichuk, Andy McDonald, Andrew Ebbett - PP : Darcy Hordichuk, Andy McDonald - PK : Andrew Ebbett
Extra Defensemen
Normal : Dan Girardi, Vladimir Mihalik, Vitaly Vishnevsky - PP : Dan Girardi - PK : Vladimir Mihalik, Vitaly Vishnevsky
Penalty Shots
Gilbert Brule, Thomas Vanek, Brad Richards, Brenden Morrow, Johan Franzen
% Time on Ice - Blackhawks
Lines # - Real PCT - Wanted PCT - Time Play
Normal Forward
1 - 35% - 40% - 15:20
2 - 26% - 30% - 11:18
3 - 23% - 20% - 10:08
4 - 16% - 10% - 7:09
Normal Defense
1 - 39% - 40% - 17:20
2 - 29% - 30% - 12:32
3 - 28% - 20% - 12:19
4 - 4% - 10% - 1:44
PP Forward
1 - 56% - 60% - 4:50
2 - 44% - 40% - 3:45
PP Defense
1 - 61% - 60% - 5:14
2 - 39% - 40% - 3:21
PK Forward
1 - 73% - 60% - 4:48
2 - 27% - 40% - 1:44
PK Defense
1 - 49% - 60% - 3:11
2 - 51% - 40% - 3:21
PK3 Forward
1 - 0% - 60%
2 - 0% - 40%
PK3 Defense
1 - 0% - 60%
2 - 0% - 40%
44 Forward
1 - 0% - 60%
2 - 0% - 40%
44 Defense
1 - 0% - 60%
2 - 0% - 40%
Last Minute Offensive - 0:00
Last Minute Defensive - 0:58
Total
Forward - 60:00
Defense - 60:00
|
% Time on Ice - Senateurs
Lines # - Real PCT - Wanted PCT - Time Play
Normal Forward
1 - 33% - 40% - 14:36
2 - 26% - 30% - 11:22
3 - 22% - 20% - 9:38
4 - 19% - 10% - 8:18
Normal Defense
1 - 42% - 40% - 18:24
2 - 34% - 30% - 14:52
3 - 22% - 20% - 9:52
4 - 2% - 10% - 0:46
PP Forward
1 - 52% - 60% - 3:25
2 - 48% - 40% - 3:07
PP Defense
1 - 63% - 60% - 4:08
2 - 37% - 40% - 2:24
PK Forward
1 - 80% - 60% - 6:51
2 - 20% - 40% - 1:44
PK Defense
1 - 51% - 60% - 4:24
2 - 49% - 40% - 4:11
PK3 Forward
1 - 0% - 60%
2 - 0% - 40%
PK3 Defense
1 - 0% - 60%
2 - 0% - 40%
44 Forward
1 - 0% - 60%
2 - 0% - 40%
44 Defense
1 - 0% - 60%
2 - 0% - 40%
Last Minute Offensive - 0:59
Last Minute Defensive - 0:00
Total
Forward - 60:00
Defense - 60:00
|
Play by Play
1st period
0:01 of 1st period - Derick Brassard wins face-off versus Gilbert Brule in neutral zone.
0:33 of 1st period - Brad Richards is hit by Jonathan Toews and loses puck.
0:53 of 1st period - Brad Richards is hit by Ryan Hollweg and loses puck.
1:00 of 1st period - Kurt Sauer is hit by Brenden Morrow and loses puck.
1:27 of 1st period - Wrist shot by Brenden Morrow.
1:27 of 1st period - Shot Misses the Net.
2:29 of 1st period - Wrist shot by Brad Richards.
2:29 of 1st period - Deflect By Brenden Morrow.
2:29 of 1st period - Shot Blocked by Denis Grebeshkov.
2:29 of 1st period - Puck is out of play.
2:30 of 1st period - Derick Brassard wins face-off versus Gilbert Brule in Blackhawks zone.
2:45 of 1st period - Slapshot by Gilbert Brule.
2:45 of 1st period - Shot Misses the Net.
2:57 of 1st period - Carlo Colaiacovo is hit by Ian White and loses puck.
3:25 of 1st period - Slapshot by Ian White.
3:25 of 1st period - Shot Misses the Net.
3:37 of 1st period - Snap shot by George Parros.
3:37 of 1st period - Stopped by Al Montoya without a rebound.
3:38 of 1st period - Andrew Ebbett wins face-off versus Derick Brassard in Blackhawks zone.
4:29 of 1st period - Slapshot by Ian White.
4:29 of 1st period - Shot Misses the Net.
6:05 of 1st period - Minor Penalty to Denis Grebeshkov for Holding.
6:06 of 1st period - Gilbert Brule wins face-off versus Peter Regin in Blackhawks zone.
7:03 of 1st period - Ian White is hit by Thomas Vanek.
7:27 of 1st period - Gilbert Brule is hit by Jonathan Toews and loses puck.
8:05 of 1st period - Penalty to Denis Grebeshkov is over, Denis Grebeshkov is back on ice.
8:34 of 1st period - Wrist shot by Patrick Kane.
8:34 of 1st period - Shot Misses the Net.
8:36 of 1st period - Slapshot by Brendan Bell.
8:36 of 1st period - Stopped by Ondrej Pavelec with a rebound.
8:38 of 1st period - Slapshot by Kurt Sauer.
8:38 of 1st period - Shot Misses the Net.
8:51 of 1st period - Icing by Ian White.
8:52 of 1st period - Andrew Ebbett wins face-off versus Kyle Brodziak in Blackhawks zone.
10:05 of 1st period - Joni Pitkanen is hit by Milan Hejduk.
10:31 of 1st period - Wrist shot by George Parros.
10:31 of 1st period - Stopped by Al Montoya without a rebound.
10:32 of 1st period - Gilbert Brule wins face-off versus Derick Brassard in Blackhawks zone.
10:35 of 1st period - Wrist shot by Thomas Vanek.
10:35 of 1st period - Deflect By Derick Brassard.
10:35 of 1st period - Stopped by Al Montoya with a rebound.
10:45 of 1st period - Gilbert Brule is hit by Antoine Roussel and loses puck.
11:03 of 1st period - Slapshot by Denis Grebeshkov.
11:03 of 1st period - Goal by Denis Grebeshkov - Blackhawks : 1 - Senateurs : 0.
11:04 of 1st period - Gilbert Brule wins face-off versus Derick Brassard in neutral zone.
11:14 of 1st period - Ian White is hit by Thomas Vanek and loses puck.
12:18 of 1st period - Slapshot by Carson Mcmillan.
12:18 of 1st period - Stopped by Ondrej Pavelec with a rebound.
12:20 of 1st period - Slapshot by Dave Tanabe.
12:20 of 1st period - Stopped by Ondrej Pavelec without a rebound.
12:21 of 1st period - Kyle Brodziak wins face-off versus Andrew Ebbett in Senateurs zone.
12:24 of 1st period - Wrist shot by Carson Mcmillan.
12:24 of 1st period - Shot Misses the Net.
12:36 of 1st period - Wrist shot by Oleg Saprykin.
12:36 of 1st period - Stopped by Ondrej Pavelec without a rebound.
12:37 of 1st period - Gilbert Brule wins face-off versus Derick Brassard in Senateurs zone.
12:50 of 1st period - Slapshot by Thomas Vanek.
12:50 of 1st period - Shot Misses the Net.
12:52 of 1st period - Snap shot by Gilbert Brule.
12:52 of 1st period - Shot Misses the Net.
12:54 of 1st period - Wrist shot by Gilbert Brule.
12:54 of 1st period - Stopped by Al Montoya with a rebound.
13:04 of 1st period - Brad Richards is hit by Ryan Hollweg and loses puck.
13:40 of 1st period - Icing by Peter Regin.
13:41 of 1st period - Gilbert Brule wins face-off versus Peter Regin in Blackhawks zone.
13:48 of 1st period - Backhand shot by Thomas Vanek.
13:48 of 1st period - Shot Blocked by Patrick Kaleta.
13:50 of 1st period - Snap shot by Dan Girardi.
13:50 of 1st period - Shot Misses the Net.
13:52 of 1st period - Wrist shot by Dan Girardi.
13:52 of 1st period - Shot Misses the Net.
13:54 of 1st period - Wrist shot by Gilbert Brule.
13:54 of 1st period - Deflect By Thomas Vanek.
13:54 of 1st period - Shot Misses the Net.
13:54 of 1st period - Puck is out of play.
13:55 of 1st period - Derick Brassard wins face-off versus Gilbert Brule in Blackhawks zone.
14:00 of 1st period - Slapshot by Derick Brassard.
14:00 of 1st period - Stopped by Ondrej Pavelec with a rebound.
14:02 of 1st period - Snap shot by Derick Brassard.
14:02 of 1st period - Stopped by Ondrej Pavelec with a rebound.
14:04 of 1st period - Wrist shot by Derick Brassard.
14:04 of 1st period - Stopped by Ondrej Pavelec without a rebound.
14:05 of 1st period - Derick Brassard wins face-off versus Gilbert Brule in Senateurs zone.
14:08 of 1st period - Wrist shot by Derick Brassard.
14:08 of 1st period - Stopped by Ondrej Pavelec without a rebound.
14:09 of 1st period - Derick Brassard wins face-off versus Gilbert Brule in Senateurs zone.
14:26 of 1st period - Wrist shot by Thomas Vanek.
14:26 of 1st period - Stopped by Al Montoya with a rebound.
14:36 of 1st period - Brenden Morrow is hit by Ryan Hollweg and loses puck.
15:52 of 1st period - Slapshot by B.J. Crombeen.
15:52 of 1st period - Shot Blocked by Ian White.
16:39 of 1st period - Slapshot by Kyle Brodziak.
16:39 of 1st period - Shot Blocked by Thomas Vanek.
16:41 of 1st period - Snap shot by Kyle Brodziak.
16:41 of 1st period - Stopped by Ondrej Pavelec with a rebound.
17:39 of 1st period - Slapshot by Brad Richards.
17:39 of 1st period - Stopped by Al Montoya with a rebound.
17:41 of 1st period - Snap shot by Brad Richards.
17:41 of 1st period - Shot Blocked by Denis Grebeshkov.
17:43 of 1st period - Slapshot by Dan Hamhuis.
17:43 of 1st period - Stopped by Al Montoya without a rebound.
17:44 of 1st period - Derick Brassard wins face-off versus Gilbert Brule in Blackhawks zone.
18:27 of 1st period - Minor Penalty to Brad Richards for Hooking.
18:28 of 1st period - Patrick Kane wins face-off versus Gilbert Brule in Senateurs zone.
Goals for this period are 1 for Blackhawks vs 0 for Senateurs.
Shots for this period are 10 for Blackhawks vs 7 for Senateurs.
2nd period
0:01 of 2nd period - Derick Brassard wins face-off versus Gilbert Brule in neutral zone.
0:12 of 2nd period - Wrist shot by Patrick Kane.
0:12 of 2nd period - Shot Misses the Net.
0:14 of 2nd period - Wrist shot by Joni Pitkanen.
0:14 of 2nd period - Shot Blocked by Thomas Vanek.
0:27 of 2nd period - Penalty to Brad Richards is over, Brad Richards is back on ice.
0:37 of 2nd period - Minor Penalty to Dave Tanabe for Holding.
0:38 of 2nd period - Peter Regin wins face-off versus Brad Richards in Blackhawks zone.
2:37 of 2nd period - Penalty to Dave Tanabe is over, Dave Tanabe is back on ice.
4:08 of 2nd period - Oleg Saprykin is hit by Brenden Morrow and loses puck.
4:53 of 2nd period - Icing by Dave Tanabe.
4:54 of 2nd period - Andrew Ebbett wins face-off versus Kyle Brodziak in Blackhawks zone.
4:59 of 2nd period - Slapshot by George Parros.
4:59 of 2nd period - Deflect By Oleg Saprykin.
4:59 of 2nd period - Shot Misses the Net.
4:59 of 2nd period - Puck is out of play.
5:00 of 2nd period - Andy McDonald wins face-off versus Kyle Brodziak in Blackhawks zone.
5:20 of 2nd period - Slapshot by Joni Pitkanen.
5:20 of 2nd period - Shot Misses the Net.
5:22 of 2nd period - Snap shot by Joni Pitkanen.
5:22 of 2nd period - Stopped by Ondrej Pavelec with a rebound.
5:24 of 2nd period - Wrist shot by Kyle Brodziak.
5:24 of 2nd period - Shot Misses the Net.
5:26 of 2nd period - Wrist shot by Oleg Saprykin.
5:26 of 2nd period - Shot Blocked by George Parros.
5:28 of 2nd period - Snap shot by Denis Grebeshkov.
5:28 of 2nd period - Shot Blocked by Vitaly Vishnevsky.
5:30 of 2nd period - Slapshot by Kurt Sauer.
5:30 of 2nd period - Stopped by Ondrej Pavelec with a rebound.
5:32 of 2nd period - Slapshot by Kurt Sauer.
5:32 of 2nd period - Stopped by Ondrej Pavelec with a rebound.
5:34 of 2nd period - Snap shot by Oleg Saprykin.
5:34 of 2nd period - Shot Misses the Net.
5:36 of 2nd period - Snap shot by Carson Mcmillan.
5:36 of 2nd period - Stopped by Ondrej Pavelec with a rebound.
5:38 of 2nd period - Wrist shot by Oleg Saprykin.
5:38 of 2nd period - Stopped by Ondrej Pavelec with a rebound.
5:40 of 2nd period - Snap shot by Carson Mcmillan.
5:40 of 2nd period - Shot Misses the Net.
5:44 of 2nd period - Slapshot by Carson Mcmillan.
5:44 of 2nd period - Goal by Carson Mcmillan - Blackhawks : 2 - Senateurs : 0.
5:45 of 2nd period - Derick Brassard wins face-off versus Gilbert Brule in neutral zone.
5:56 of 2nd period - Slapshot by Patrick Kane.
5:56 of 2nd period - Stopped by Ondrej Pavelec with a rebound.
6:53 of 2nd period - Wrist shot by Brad Richards.
6:53 of 2nd period - Stopped by Al Montoya without a rebound.
6:54 of 2nd period - Gilbert Brule wins face-off versus Derick Brassard in Blackhawks zone.
6:57 of 2nd period - Snap shot by Johan Franzen.
6:57 of 2nd period - Shot Blocked by Antoine Roussel.
7:08 of 2nd period - Minor Penalty to Gilbert Brule for Hooking.
7:09 of 2nd period - Andrew Ebbett wins face-off versus Derick Brassard in Senateurs zone.
7:09 of 2nd period - Andrew Ebbett is hit by Derick Brassard.
7:24 of 2nd period - Slapshot by Patrick Kane.
7:24 of 2nd period - Shot Blocked by Vitaly Vishnevsky.
7:42 of 2nd period - Snap shot by Joni Pitkanen.
7:42 of 2nd period - Stopped by Ondrej Pavelec with a rebound.
7:44 of 2nd period - Slapshot by Ian White.
7:44 of 2nd period - Shot Blocked by Carlo Colaiacovo.
7:46 of 2nd period - Wrist shot by Jonathan Toews.
7:46 of 2nd period - Stopped by Ondrej Pavelec without a rebound.
7:47 of 2nd period - Derick Brassard wins face-off versus Andrew Ebbett in Senateurs zone.
7:50 of 2nd period - Wrist shot by Derick Brassard.
7:50 of 2nd period - Deflect By Patrick Kane.
7:50 of 2nd period - Shot Misses the Net.
7:50 of 2nd period - Puck is out of play.
7:51 of 2nd period - Derick Brassard wins face-off versus Andrew Ebbett in Senateurs zone.
7:52 of 2nd period - Snap shot by Patrick Kane.
7:52 of 2nd period - Shot Blocked by Dan Hamhuis.
7:58 of 2nd period - Wrist shot by Patrick Kane.
7:58 of 2nd period - Shot Misses the Net.
9:08 of 2nd period - Penalty to Gilbert Brule is over, Gilbert Brule is back on ice.
9:22 of 2nd period - Slapshot by B.J. Crombeen.
9:22 of 2nd period - Stopped by Al Montoya without a rebound.
9:23 of 2nd period - Peter Regin wins face-off versus Brad Richards in Blackhawks zone.
9:50 of 2nd period - Slapshot by Tomas Fleischmann.
9:50 of 2nd period - Shot Misses the Net.
9:52 of 2nd period - Snap shot by Tomas Fleischmann.
9:52 of 2nd period - Stopped by Ondrej Pavelec without a rebound.
9:53 of 2nd period - Derick Brassard wins face-off versus Gilbert Brule in Senateurs zone.
10:07 of 2nd period - Minor Penalty to Thomas Vanek for Hooking.
10:08 of 2nd period - Gilbert Brule wins face-off versus Derick Brassard in Senateurs zone.
10:59 of 2nd period - Carlo Colaiacovo is hit by Denis Grebeshkov and loses puck.
11:10 of 2nd period - Gilbert Brule is hit by Joni Pitkanen and loses puck.
11:27 of 2nd period - Ian White is hit by Dan Hamhuis and loses puck.
11:32 of 2nd period - Snap shot by Brenden Morrow.
11:32 of 2nd period - Shot Misses the Net.
12:07 of 2nd period - Penalty to Thomas Vanek is over, Thomas Vanek is back on ice.
12:30 of 2nd period - Snap shot by Kurtis Foster.
12:30 of 2nd period - Shot Misses the Net.
12:32 of 2nd period - Snap shot by Milan Hejduk.
12:32 of 2nd period - Stopped by Al Montoya without a rebound.
12:33 of 2nd period - Brandon Dubinsky wins face-off versus Kyle Brodziak in Blackhawks zone.
12:36 of 2nd period - Wrist shot by Darcy Hordichuk.
12:36 of 2nd period - Goal by Darcy Hordichuk - Blackhawks : 2 - Senateurs : 1.
12:37 of 2nd period - Gilbert Brule wins face-off versus Derick Brassard in neutral zone.
12:40 of 2nd period - Wrist shot by Johan Franzen.
12:40 of 2nd period - Stopped by Al Montoya with a rebound.
12:42 of 2nd period - Wrist shot by Gilbert Brule.
12:42 of 2nd period - Stopped by Al Montoya without a rebound.
12:43 of 2nd period - Gilbert Brule wins face-off versus Derick Brassard in Blackhawks zone.
13:32 of 2nd period - Slapshot by Dan Hamhuis.
13:32 of 2nd period - Shot Blocked by Denis Grebeshkov.
13:34 of 2nd period - Wrist shot by Milan Hejduk.
13:34 of 2nd period - Deflect By Brandon Dubinsky.
13:34 of 2nd period - Shot Misses the Net.
13:34 of 2nd period - Puck is out of play.
13:35 of 2nd period - Darcy Hordichuk wins face-off versus Derick Brassard in Blackhawks zone.
13:43 of 2nd period - Off-side.
13:44 of 2nd period - Derick Brassard wins face-off versus Gilbert Brule in neutral zone.
14:09 of 2nd period - Snap shot by Derick Brassard.
14:09 of 2nd period - Shot Blocked by Johan Franzen.
14:11 of 2nd period - Slapshot by Antoine Roussel.
14:11 of 2nd period - Shot Misses the Net.
14:26 of 2nd period - Penalty Shot by Vitaly Vishnevsky for Senateurs.
14:26 of 2nd period - Wrist shot by Vitaly Vishnevsky.
14:26 of 2nd period - Goal by Vitaly Vishnevsky - Blackhawks : 2 - Senateurs : 2.
14:27 of 2nd period - Jonathan Toews wins face-off versus Brad Richards in neutral zone.
14:28 of 2nd period - Gilbert Brule wins face-off versus Derick Brassard in Senateurs zone.
14:31 of 2nd period - Minor Penalty to Thomas Vanek for Holding.
14:32 of 2nd period - Gilbert Brule wins face-off versus Derick Brassard in Senateurs zone.
16:05 of 2nd period - Snap shot by Brad Richards.
16:05 of 2nd period - Shot Misses the Net.
16:08 of 2nd period - Icing by Joni Pitkanen.
16:09 of 2nd period - Gilbert Brule wins face-off versus Derick Brassard in Blackhawks zone.
16:12 of 2nd period - Snap shot by Gilbert Brule.
16:12 of 2nd period - Stopped by Al Montoya without a rebound.
16:13 of 2nd period - Jonathan Toews wins face-off versus Gilbert Brule in Blackhawks zone.
16:13 of 2nd period - Jonathan Toews is hit by Gilbert Brule.
16:31 of 2nd period - Penalty to Thomas Vanek is over, Thomas Vanek is back on ice.
17:13 of 2nd period - Darcy Hordichuk is hit by Patrick Kane and loses puck.
17:44 of 2nd period - Wrist shot by Darcy Hordichuk.
17:44 of 2nd period - Shot Misses the Net.
17:50 of 2nd period - Snap shot by Milan Hejduk.
17:50 of 2nd period - Shot Blocked by Ryan Hollweg.
17:52 of 2nd period - Slapshot by Vitaly Vishnevsky.
17:52 of 2nd period - Stopped by Al Montoya with a rebound.
19:03 of 2nd period - Slapshot by Kurtis Foster.
19:03 of 2nd period - Stopped by Al Montoya without a rebound.
19:03 of 2nd period - Minor Penalty to Al Montoya for Slashing.
19:04 of 2nd period - Peter Regin wins face-off versus Gilbert Brule in Blackhawks zone.
19:39 of 2nd period - Dan Hamhuis is hit by Jonathan Toews and loses puck.
Goals for this period are 1 for Blackhawks vs 2 for Senateurs.
Shots for this period are 10 for Blackhawks vs 9 for Senateurs.
3rd period
0:01 of 3rd period - Peter Regin wins face-off versus Thomas Vanek in neutral zone.
0:26 of 3rd period - Joni Pitkanen is hit by Brad Richards and loses puck.
1:03 of 3rd period - Penalty to Kyle Brodziak is over, Kyle Brodziak is back on ice.
1:36 of 3rd period - Snap shot by Dan Girardi.
1:36 of 3rd period - Shot Blocked by Dave Tanabe.
1:38 of 3rd period - Snap shot by Andy McDonald.
1:38 of 3rd period - Deflect By Jonathan Toews.
1:38 of 3rd period - Stopped by Al Montoya with a rebound.
2:07 of 3rd period - Slapshot by Darcy Hordichuk.
2:07 of 3rd period - Shot Misses the Net.
2:09 of 3rd period - Slapshot by Milan Hejduk.
2:09 of 3rd period - Stopped by Al Montoya with a rebound.
2:33 of 3rd period - Slapshot by Dan Hamhuis.
2:33 of 3rd period - Deflect By Tomas Fleischmann.
2:33 of 3rd period - Stopped by Al Montoya with a rebound.
2:35 of 3rd period - Slapshot by Kurtis Foster.
2:35 of 3rd period - Deflect By B.J. Crombeen.
2:35 of 3rd period - Shot Blocked by Tomas Fleischmann.
2:35 of 3rd period - Puck is out of play.
2:36 of 3rd period - Derick Brassard wins face-off versus Gilbert Brule in Blackhawks zone.
2:45 of 3rd period - Slapshot by Joni Pitkanen.
2:45 of 3rd period - Stopped by Ondrej Pavelec with a rebound.
2:47 of 3rd period - Minor Penalty to Vitaly Vishnevsky for Goalie Interference.
2:48 of 3rd period - Derick Brassard wins face-off versus Gilbert Brule in Senateurs zone.
2:49 of 3rd period - Snap shot by Patrick Kane.
2:49 of 3rd period - Stopped by Ondrej Pavelec with a rebound.
3:26 of 3rd period - Snap shot by Ryan Hollweg.
3:26 of 3rd period - Goal by Ryan Hollweg - Blackhawks : 3 - Senateurs : 2.
3:27 of 3rd period - Derick Brassard wins face-off versus Gilbert Brule in neutral zone.
4:23 of 3rd period - Slapshot by Darcy Hordichuk.
4:23 of 3rd period - Deflect By Brandon Dubinsky.
4:23 of 3rd period - Goal by Brandon Dubinsky - Blackhawks : 3 - Senateurs : 3.
4:24 of 3rd period - Derick Brassard wins face-off versus Gilbert Brule in neutral zone.
4:27 of 3rd period - Slapshot by Patrick Kane.
4:27 of 3rd period - Shot Blocked by Johan Franzen.
5:36 of 3rd period - Slapshot by Joni Pitkanen.
5:36 of 3rd period - Shot Misses the Net.
5:38 of 3rd period - Slapshot by Ian White.
5:38 of 3rd period - Shot Blocked by Kurtis Foster.
5:40 of 3rd period - Backhand shot by Ian White.
5:40 of 3rd period - Shot Misses the Net.
5:42 of 3rd period - Slapshot by Joni Pitkanen.
5:42 of 3rd period - Shot Misses the Net.
5:44 of 3rd period - Wrist shot by Joni Pitkanen.
5:44 of 3rd period - Deflect By Oleg Saprykin.
5:44 of 3rd period - Stopped by Ondrej Pavelec without a rebound.
5:45 of 3rd period - Derick Brassard wins face-off versus Gilbert Brule in Senateurs zone.
5:56 of 3rd period - Snap shot by Patrick Kane.
5:56 of 3rd period - Shot Misses the Net.
5:58 of 3rd period - Wrist shot by Antoine Roussel.
5:58 of 3rd period - Shot Misses the Net.
6:00 of 3rd period - Slapshot by Kurt Sauer.
6:00 of 3rd period - Shot Misses the Net.
6:02 of 3rd period - Slapshot by Denis Grebeshkov.
6:02 of 3rd period - Stopped by Ondrej Pavelec without a rebound.
6:03 of 3rd period - Jonathan Toews wins face-off versus Brad Richards in Senateurs zone.
7:10 of 3rd period - Wrist shot by Jonathan Toews.
7:10 of 3rd period - Stopped by Ondrej Pavelec with a rebound.
8:24 of 3rd period - Gilbert Brule is hit by Carson Mcmillan.
8:56 of 3rd period - Wrist shot by Brad Richards.
8:56 of 3rd period - Shot Blocked by Ian White.
9:16 of 3rd period - Slapshot by Joni Pitkanen.
9:16 of 3rd period - Shot Misses the Net.
9:18 of 3rd period - Wrist shot by Carson Mcmillan.
9:18 of 3rd period - Shot Blocked by Brandon Dubinsky.
9:51 of 3rd period - Off-side.
9:52 of 3rd period - Kyle Brodziak wins face-off versus Andrew Ebbett in neutral zone.
10:25 of 3rd period - Vladimir Mihalik is hit by Niclas Bergfors and loses puck.
10:36 of 3rd period - Snap shot by Andy McDonald.
10:36 of 3rd period - Shot Misses the Net.
10:42 of 3rd period - Andy McDonald is hit by Denis Grebeshkov and loses puck.
10:59 of 3rd period - Snap shot by Peter Regin.
10:59 of 3rd period - Stopped by Ondrej Pavelec with a rebound.
11:01 of 3rd period - Slapshot by Ian White.
11:01 of 3rd period - Shot Blocked by Gilbert Brule.
11:19 of 3rd period - Kurtis Foster is hit by Brendan Bell and loses puck.
11:40 of 3rd period - Wrist shot by Milan Hejduk.
11:40 of 3rd period - Stopped by Al Montoya with a rebound.
11:50 of 3rd period - Milan Hejduk is hit by Jonathan Toews and loses puck.
12:03 of 3rd period - Wrist shot by Ryan Hollweg.
12:03 of 3rd period - Goal by Ryan Hollweg - Blackhawks : 4 - Senateurs : 3.
12:04 of 3rd period - Derick Brassard wins face-off versus Gilbert Brule in neutral zone.
12:11 of 3rd period - Wrist shot by Derick Brassard.
12:11 of 3rd period - Stopped by Ondrej Pavelec with a rebound.
12:13 of 3rd period - Wrist shot by Patrick Kane.
12:13 of 3rd period - Shot Misses the Net.
12:15 of 3rd period - Snap shot by Derick Brassard.
12:15 of 3rd period - Stopped by Ondrej Pavelec without a rebound.
12:16 of 3rd period - Derick Brassard wins face-off versus Gilbert Brule in Senateurs zone.
12:19 of 3rd period - Snap shot by Patrick Kane.
12:19 of 3rd period - Shot Blocked by Dan Hamhuis.
12:21 of 3rd period - Snap shot by Antoine Roussel.
12:21 of 3rd period - Shot Hit the Post.
12:29 of 3rd period - Snap shot by Patrick Kane.
12:29 of 3rd period - Stopped by Ondrej Pavelec without a rebound.
12:30 of 3rd period - Patrick Kane wins face-off versus Johan Franzen in Senateurs zone.
12:41 of 3rd period - Snap shot by Patrick Kane.
12:41 of 3rd period - Goal by Patrick Kane - Blackhawks : 5 - Senateurs : 3.
12:42 of 3rd period - Derick Brassard wins face-off versus Gilbert Brule in neutral zone.
13:16 of 3rd period - Backhand shot by Gilbert Brule.
13:16 of 3rd period - Stopped by Al Montoya with a rebound.
13:18 of 3rd period - Wrist shot by Vitaly Vishnevsky.
13:18 of 3rd period - Stopped by Al Montoya with a rebound.
13:20 of 3rd period - Snap shot by Vitaly Vishnevsky.
13:20 of 3rd period - Deflect By Thomas Vanek.
13:20 of 3rd period - Stopped by Al Montoya with a rebound.
13:22 of 3rd period - Snap shot by Carlo Colaiacovo.
13:22 of 3rd period - Stopped by Al Montoya without a rebound.
13:23 of 3rd period - Brad Richards wins face-off versus Derick Brassard in Blackhawks zone.
13:40 of 3rd period - Minor Penalty to Denis Grebeshkov for Hooking.
13:41 of 3rd period - Gilbert Brule wins face-off versus Peter Regin in Blackhawks zone.
13:41 of 3rd period - Snap shot by Thomas Vanek.
13:41 of 3rd period - Shot Misses the Net.
14:15 of 3rd period - Slapshot by B.J. Crombeen.
14:15 of 3rd period - Goal by B.J. Crombeen - Blackhawks : 5 - Senateurs : 4.
14:16 of 3rd period - Derick Brassard wins face-off versus Gilbert Brule in neutral zone.
14:18 of 3rd period - Joni Pitkanen is hit by Johan Franzen.
14:20 of 3rd period - Wrist shot by Derick Brassard.
14:20 of 3rd period - Stopped by Ondrej Pavelec without a rebound.
14:21 of 3rd period - Thomas Vanek wins face-off versus Derick Brassard in Senateurs zone.
14:21 of 3rd period - Thomas Vanek is hit by Derick Brassard.
14:37 of 3rd period - Johan Franzen is hit by Patrick Kane and loses puck.
15:20 of 3rd period - Snap shot by Patrick Kaleta.
15:20 of 3rd period - Shot Misses the Net.
15:31 of 3rd period - Off-side.
15:32 of 3rd period - Kyle Brodziak wins face-off versus Gilbert Brule in neutral zone.
15:37 of 3rd period - Wrist shot by Oleg Saprykin.
15:37 of 3rd period - Shot Misses the Net.
16:55 of 3rd period - Ian White is hit by Carlo Colaiacovo and loses puck.
17:00 of 3rd period - Wrist shot by Andy McDonald.
17:00 of 3rd period - Stopped by Al Montoya with a rebound.
18:24 of 3rd period - Snap shot by Niclas Bergfors.
18:24 of 3rd period - Shot Misses the Net.
18:54 of 3rd period - Derick Brassard is hit by Milan Hejduk and loses puck.
18:57 of 3rd period - Senateurs, Ondrej Pavelec is pulled from the net.
19:15 of 3rd period - Vladimir Mihalik is hit by Antoine Roussel.
19:30 of 3rd period - Kurt Sauer is hit by Gilbert Brule and loses puck.
Goals for this period are 3 for Blackhawks vs 2 for Senateurs.
Shots for this period are 13 for Blackhawks vs 11 for Senateurs.
Back to the Top